 Dungeon Crawl Stone Soup version 0.19.4-8-ga85b6b9 (webtiles) character file.

210 mistymad the Shooter (level 5, 0/47 HPs)
             Began as a Centaur Hunter on Feb 10, 2017.
             Killed by nerve-wracking pain
             ... invoked by Grinder
              (9 damage)
             ... while paralysed by Grinder
             ... on level 3 of the Dungeon.
             The game lasted 00:07:41 (3481 turns).

mistymad the Shooter (Centaur Hunter)               Turns: 3481, Time: 00:07:41

Health: 0/47       AC:  9    Str: 14    XL:     5   Next: 57%
Magic:  5/5        EV:  1    Int: 10    God:
Gold:   96         SH:  0    Dex: 11    Spells: 0 memorised, 4 levels left

rFire  . . .     SeeInvis +     y - +0 mace (venom)
rCold  . . .     Gourm    .     t - +0 scale mail
rNeg   . . .     Faith    .     (no shield)
rPois  .         Spirit   .     m - +0 helmet
rElec  .         Reflect  .     (no cloak)
rCorr  .         Harm     .     o - +1 pair of gloves
MR     .....                    (no barding)
Stlth  ..........               (no amulet)
                                c - ring of see invisible
                                p - +1 ring of evasion

@: paralysed, lethally poisoned (0 -> -4), very quick
A: hooves 3, deformed body, speed 2, tough skin 3
a: no special abilities


You were on level 3 of the Dungeon.
You were not hungry.

You visited 1 branch of the dungeon, and saw 3 of its levels.

You collected 96 gold pieces.

Inventory:

Hand Weapons
 e - a +0 short sword
 q - a +1 shortbow
 y - a +0 mace of venom (weapon)
Missiles
 d - 64 arrows
Armour
 m - a +0 helmet (worn)
 o - a +1 pair of gloves (worn)
 t - a +0 scale mail (worn)
Jewellery
 c - a ring of see invisible (right hand)
 p - a +1 ring of evasion (left hand)
Wands
 v - a wand of iceblast (9/15)
Scrolls
 j - a scroll of remove curse {unknown}
 k - a scroll of teleportation {unknown}
 l - 2 scrolls of blinking {unknown}
 n - a scroll of fear {unknown}
 r - a scroll of identify {unknown}
 x - a scroll of recharging {unknown}
Potions
 g - a potion of might {unknown}
 i - 2 potions of cancellation {unknown}
 s - a potion of degeneration {unknown}
 u - a potion of lignification {unknown}
 w - 2 potions of invisibility {unknown}
 z - a potion of mutation {unknown}
Comestibles
 b - 6 fruits
 f - 3 bread rations
 h - 3 meat rations


   Skills:
 + Level 4.3 Fighting
 + Level 7.4 Bows
 - Level 1.3 Dodging
 - Level 0.4 Stealth


You had 4 spell levels left.
You didn't know any spells.

Dungeon Overview and Level Annotations

Branches:
Dungeon (3/15)

Altars:
Ru

Annotations:
D:3 Grinder


Innate Abilities, Weirdness & Mutations

You have hooves in place of feet.
Armour fits poorly on your strangely shaped body.
You cover ground very quickly.
You have extremely tough skin. (AC +3)


Message History

You hit the orc.
The orc is poisoned.
You feel sick. The orc hits you with a hand axe. The orc barely misses you.
You take 8 damage, and have 26/47 hp.
You hit the orc.
The orc looks as sick as possible!
Your kick misses the orc.
You feel sick.
You kill the orc!
An orc comes into view. It is wielding a short sword.
Grinder gestures at you.
You suddenly lose the ability to move!
The orc hits you but does no damage.
You feel sick. Grinder hits you.
You writhe in agony.
The orc hits you with a short sword.
You feel sick. Grinder hits you but does no damage.
The orc hits you but does no damage. Grinder hits you.
You writhe in agony.
* * * LOW HITPOINT WARNING * * *
The orc hits you but does no damage.
You feel sick. Grinder gestures at you. Pain shoots through your body!
You die...

#.# #.# ###### #.#
#....# #.# ####
#....####.###..
#....#......#.#######..
#....#.....(#..........
##............(.5o......
.............#.#@#.###.#
#####.#........#.# #
#.##'#...#.#.#
###.##.#.#.#.#.#
#...†......#.#.#
#.#....#.###....
#.#>............
#.#......## #..#
#.######### #..# #.


You could see Grinder and an orc.

Vanquished Creatures
  2 orc priests (D:3)
  Terence (D:2)
  Robin (D:2)
  3 adders
  2 worms (D:2)
  3 dart slugs
  2 leopard geckos
  6 orcs (D:3)
  7 bats
  6 goblins
  9 hobgoblins
  7 jackals (D:3)
  6 frilled lizards
  6 kobolds
  15 rats
76 creatures vanquished.

Notes
Turn   | Place    | Note
-------+----------+-------------------------------------------
     0 | D:1      | mistymad the Centaur Hunter began the quest for the Orb.
     0 | D:1      | Reached XP level 1. HP: 17/17 MP: 1/1
   228 | D:1      | Reached XP level 2. HP: 25/25 MP: 2/2
   973 | D:2      | Reached skill level 6 in Bows
  1110 | D:2      | Noticed Robin
  1150 | D:1      | Reached XP level 3. HP: 11/30 MP: 3/3
  1628 | D:2      | Killed Robin
  2015 | D:2      | Noticed Terence
  2068 | D:2      | Killed Terence
  2068 | D:2      | Reached XP level 4. HP: 27/38 MP: 4/4
  2511 | D:2      | Found a sacrificial altar of Ru.
  3091 | D:3      | Reached skill level 7 in Bows
  3091 | D:3      | Reached XP level 5. HP: 32/46 MP: 5/5
  3463 | D:3      | Noticed Grinder
  3477 | D:3      | Paralysed by Grinder for 5 turns
  3481 | D:3      | Killed from afar by Grinder

Skill      XL: |  1  2  3  4 |
---------------+-------------+-----
Bows           | 6 7 |  7.4
Fighting       | 3 4 |  4.3
Dodging        | |  1.3
Stealth        | |  0.4

Action                   |  1- 3 |  4- 6 || total
-------------------------+-------+-------++-------
Melee: Short sword       |   113 |    89 ||   202
       Kick              |    18 |    22 ||    40
       Mace              |       |    37 ||    37
 Fire: Shortbow          |    45 |    27 ||    72
  Eat: Chunk             |     3 |     4 ||     7
Armor: Leather armour    |    63 |       ||    63
       Scale mail        |       |    89 ||    89
Dodge: Dodged            |    84 |    71 ||   155
